 Dungeon Crawl Stone Soup version 0.30.0-5-g1a98f26d00 (webtiles) character file.

Game seed: 1937283908005302799

416 DieSLrao the Chopper (level 6, -5/79 (93) HPs)
             Began as a Troll Berserker on May 12, 2023.
             Was a Believer of Trog.
             Killed from afar by caveywoolpert's ghost (8 damage)
             ... with a stone arrow
             ... on level 4 of the Dungeon.
             The game lasted 00:09:14 (3019 turns).

DieSLrao the Chopper (Troll Berserker)              Turns: 3019, Time: 00:09:15

HP:   -5/79 (93)    AC:  4    Str: 28    XL:     6   Next: 60%
MP:   0/5           EV: 10    Int:  3    God:    Trog [**....]
Gold: 226           SH:  0    Dex:  9    Spells: 5/5 levels left

rFire   . . .        m - +1 dagger (drain)
rCold   . . .        r - orb {guile}
rNeg    . . .        f - +0 robe
rPois   .            (helmet restricted)
rElec   .            (no cloak)
rCorr   .            (gloves unavailable)
SInv    .            (boots unavailable)
Will    .....        q - amulet of guardian spirit Stlth
                     l - ring of flight
HPRegen 1.13/turn    (no ring)
MPRegen 0.09/turn

%: guardian spirit
@: berserking (expiring), flying, heavily drained, very quick
A: large, unfitting armour, claws 3, regeneration 1, shaggy fur 1, tough skin 1
a: Renounce Religion, Berserk, Trog's Hand


You were on level 4 of the Dungeon.
You worshipped Trog.
Trog was pleased with you.
You visited 1 branch of the dungeon, and saw 4 of its levels.

You collected 226 gold pieces.

Inventory:

Hand Weapons
 m - a +1 dagger of draining (weapon)
Missiles
 k - a throwing net
Armour
 f - a +0 robe (worn)
 r - an orb of guile (worn)
Jewellery
 l - a ring of flight (left claw)
 q - an amulet of guardian spirit (around neck)
 t - an amulet of magic regeneration
Scrolls
 a - a scroll of enchant weapon (quivered) {unknown}
 d - 2 scrolls of poison {unknown}
 e - a scroll of fear {unknown}
 g - 2 scrolls of enchant armour {unknown}
 i - a scroll of blinking {unknown}
 j - 4 scrolls of identify {unknown}
 o - a scroll of magic mapping {unknown}
 p - 4 scrolls of teleportation {unknown}
 u - a scroll of amnesia {unknown}
Potions
 b - a potion of mutation {unknown}
 c - a potion of attraction {unknown}
 h - a potion of flight {unknown}
 n - a potion of magic {unknown}
 s - 2 potions of might {unknown}


   Skills:
 + Level 3.7 Fighting
 + Level 1.2 Short Blades
 + Level 4.1 Axes
 + Level 3.8 Dodging
 + Level 0.5 Stealth


You had 5 spell levels left.
You didn't know any spells.
Your spell library was empty.

Dungeon Overview and Level Annotations

Branches:
Dungeon (4/15)
 Temple: D:4-7

Altars:
Xom

Annotations:
D:4 caveywoolpert's ghost, amateur GrEE


Innate Abilities, Weirdness & Mutations

You are too large for most types of armour.
You have claws for hands.
Your natural rate of healing is unusually fast.
You are covered in fur. (AC +1)
You have tough skin. (AC +1)


Message History

You feel yourself moving faster!
You feel mighty!
Caveywoolpert's ghost shrieks, "They lied to you.
The Dungeon just goes down and down forever."
Caveywoolpert's ghost barely misses you.
The white imp hits you.
* * * LOW HITPOINT WARNING * * *
The white imp freezes you.
* * * LOW HITPOINT WARNING * * *
You hit caveywoolpert's ghost.
Caveywoolpert's ghost is lightly damaged.
You puncture caveywoolpert's ghost!
Caveywoolpert's ghost is heavily damaged.
Caveywoolpert's ghost gestures at you while chanting.
The blast of sand hits you.
* * * LOW HITPOINT WARNING * * *
The white imp gestures at you. The puff of frost hits you.
* * * LOW HITPOINT WARNING * * *
You closely miss caveywoolpert's ghost.
Caveywoolpert's ghost is heavily damaged.
Your skin stops crawling.
You feel less strong-willed. The white imp hits you.
* * * LOW HITPOINT WARNING * * *
The white imp freezes you.
* * * LOW HITPOINT WARNING * * *
Caveywoolpert's ghost hits you.
* * * LOW HITPOINT WARNING * * *
You feel drained.
* * * LOW HITPOINT WARNING * * *
Unknown command.
You barely miss the white imp. You puncture the white imp!
The white imp is almost dead.
The white imp barely misses you. Caveywoolpert's ghost hits you.
* * * LOW HITPOINT WARNING * * *
You feel drained.
Unknown command.
You feel a strong urge to attack something.
Caveywoolpert's ghost casts a spell at you.
The stone arrow hits you!
You die...

#..#...Y.[#...'..#####.#
#...Z.##...'.......>#
##..W. #....#...######
#.... ##....#.#.#
#...###....##...#
#........##....#
#......###Z.#.<#
##.#####.W5##..# #
###....@####..# #
....##..####..# #
####...?......# .
...#######.## # #####
#.# # #.# # #.# #
##########.#
############......)...#


You could see caveywoolpert's ghost, a white imp and an adder simulacrum.

Vanquished Creatures
  A black bear (D:4)
  A sleepcap (D:4)
  Jessica (D:3)
  Natasha (thrice) (D:3)
  Ijyb (D:3)
  A scorpion simulacrum (D:4)
  6 adders
  3 gnolls (D:4)
  4 worms
  2 dart slugs
  2 bats
  5 endoplasms
  3 giant cockroaches
  4 goblins
  6 hobgoblins
  4 jackals (D:2)
  5 quokkas
  2 ball pythons (D:1)
  A frilled lizard (D:2)
  7 kobolds
  4 rats
66 creatures vanquished.

Notes
Turn   | Place    | Note
-------+----------+-------------------------------------------
     0 | D:1      | DieSLrao the Troll Berserker began the quest for the Orb.
     0 | D:1      | Reached XP level 1. HP: 22/22 MP: 0/0
   404 | D:1      | Reached XP level 2. HP: 29/29 MP: 1/1
   954 | D:2      | Reached skill level 3 in Axes
   970 | D:2      | Reached XP level 3. HP: 34/36 MP: 2/2
  1834 | D:3      | Noticed Jessica
  1841 | D:3      | Killed Jessica
  1842 | D:3      | Reached XP level 4. HP: 11/44 MP: 3/3
  1850 | D:3      | HP: 3/66 [poisoned by an adder]
  2036 | D:3      | Noticed Ijyb
  2061 | D:3      | Killed Ijyb
  2178 | D:3      | Reached ** piety under Trog
  2209 | D:3      | Noticed Natasha
  2223 | D:3      | Killed Natasha
  2224 | D:3      | Reached XP level 5. HP: 31/53 MP: 1/4
  2300 | D:3      | Noticed Natasha
  2310 | D:3      | Killed Natasha
  2338 | D:3      | Noticed Natasha
  2358 | D:3      | Killed Natasha
  2524 | D:4      | Found a shimmering altar of Xom.
  2582 | D:4      | Noticed a black bear
  2589 | D:4      | Killed a black bear
  2590 | D:4      | Reached skill level 4 in Axes
  2590 | D:4      | Reached XP level 6. HP: 61/61 MP: 5/5
  2669 | D:4      | Reached skill level 1 in Short Blades
  2931 | D:4      | Found a runed translucent gate.
  2932 | D:4      | Found a runed translucent gate.
  2933 | D:4      | Found a runed translucent gate.
  2978 | D:4      | Noticed an ice beast
  2978 | D:4      | Noticed caveywoolpert's ghost (amateur GrEE)
  3014 | D:4      | HP: 4/84 [caveywoolpert's ghost (5)]
  3016 | D:4      | HP: 1/81 [caveywoolpert's ghost (2)]
  3019 | D:4      | Killed from afar by caveywoolpert's ghost

Illustrated notes

Levels and vault maps discovered:
D:1:      tarquinn_simple_flora_water_f, layout_basic, serial_bayou_pond_c
D:2:      layout_basic
D:3:      layout_rooms, uniq_natasha, uniq_jessica, uniq_ijyb
D:4:      layout_loops_ring, tgw_xom, gammafunk_ghost_icy, serial_shops,
          nicolae_shop_pleasant_corner_grove, grunt_ministairs_9

Skill      XL: |  1  2  3  4  5  6 |
---------------+-------------------+-----
Axes           | 3 4 |  4.1
Fighting       | 3 |  3.7
Dodging        | 3 |  3.8
Short Blades   | 1 |  1.2
Stealth        | |  0.5

Action                     |  1- 3 |  4- 6 || total
---------------------------+-------+-------++-------
  Melee: Hand axe          |   120 |       ||   120
         Dagger            |    27 |   172 ||   199
 Invoke: Berserk           |     2 |     7 ||     9
         Trog's Hand       |       |     2 ||     2
 Armour: Robe              |    69 |    59 ||   128
         Animal skin       |     1 |       ||     1
  Dodge: Dodged            |    97 |   111 ||   208
